Map: 2000 Atmospheres LE

Players

VolleMelk

  • Race: Terran Terran
  • League: Bronze
  • Spawn Location: 7:00

Freek - Winner!

  • Race: Zerg Zerg
  • League: Silver
  • Spawn Location: 3:00

VOD

Have the link to the VOD?

Description

Time

  • Played on: Aug. 27, 2022, 1:56 p.m.
  • Length: 39:14
Show
View Real Time Build Order
Export as new Build Order

VolleMelk Terran 

Build Orders: Mech 

Get SALT Encoding   

  12  0:00  SCV  
  13  0:12  SCV  
  14  0:19  Supply Depot  
  14  0:24  SCV  
  15  0:31  Refinery  
  15  0:43  Engineering Bay  
  15  0:55  Barracks  
  15  0:58  SCV  
  16  1:10  SCV  
  17  1:17  Refinery  
  17  1:20  Supply Depot  
  17  1:24  SCV  
  18  1:36  SCV  
  19  1:44  Marine  
  20  1:50  Factory  
  20  1:54  SCV  
  21  2:11  Barracks Reactor  
  21  2:12  Orbital Command  
  21  2:20  Supply Depot  
  21  2:34  Widow Mine  
  23  2:39  SCV  
  24  2:45  Engineering Bay  
  24  3:07  Command Center  
  24  3:15  Hellion  
  26  3:23  Hellion  
  26  3:24  Marine  
  29  3:35  Bunker  
  29  3:36  Hellion  
  29  3:38  SCV  
  32  3:42  Marine  
  32  3:44  Hellion  
  35  3:50  SCV  
  38  4:02  Hellion, SCV  
  39  4:18  Marine  
  39  4:19  Hellion  
  39  4:20  Orbital Command  
  39  4:22  Supply Depot x2  
  42  4:25  Refinery  
  42  4:26  Widow Mine  
  36  5:14  Hellion x2  
  40  5:28  Factory, Starport  
  40  5:30  Starport  
  40  5:32  Refinery, SCV  
  41  5:36  Hellion  
  41  5:41  SCV  
  44  5:44  SCV  
  44  5:46  Widow Mine  
  47  5:53  SCV  
  48  5:57  Widow Mine  
  48  6:03  Engineering Bay  
  50  6:05  SCV  
  50  6:07  Supply Depot  
  51  6:23  Armory  
  51  6:30  Supply Depot  
  51  6:31  Factory  
  43  7:20  Factory Tech Lab  
  43  7:22  Widow Mine x2  
  45  7:26  Starport Tech Lab, Starport Reactor  
  45  7:31  Starport Tech Lab  
  45  7:32  Factory Tech Lab  
  45  7:35  SCV  
  46  7:43  Widow Mine  
  48  7:45  Siege Tank  
  48  7:46  Command Center  
  48  7:47  SCV  
  52  7:52  Siege Tank  
  52  7:56  SCV  
  56  8:03  Terran Ship Weapons Level 1  
  56  8:06  Hi-Sec Auto Tracking  
  56  8:08  SCV  
  56  8:09  Raven x2  
  61  8:14  Widow Mine x2  
  61  8:17  Siege Tank  
  61  8:18  Infernal Pre-Igniter  
  68  8:22  Drilling Claws  
  68  8:24  Widow Mine  
  70  8:35  Widow Mine  
  70  8:36  Widow Mine  
  74  8:45  Hellion  
  76  8:49  Hellion  
  74  8:57  Hellion, Widow Mine  
  78  9:07  Widow Mine  
  80  9:11  Hellion  
  82  9:18  Hellion x2  
  86  9:27  Planetary Fortress  
  86  9:28  Hellion  
  86  9:31  SCV x2  
  90  9:32  Hellion  
  92  9:40  Hellion  
  92  9:41  Neosteel Armor  
  92  9:43  SCV  
  95  9:55  SCV  
  95  9:57  Terran Vehicle Weapons Level 1  
  96  10:00  Raven  
  96  10:01  Raven  
  96  10:06  Hellion  
  100  10:07  SCV  
  100  10:10  Hellion  
  100  10:11  Hellion x2  
  93  10:31  Hellion  
  95  10:39  Widow Mine x3  
  101  10:51  Supply Depot  
  101  10:52  Supply Depot  
  101  11:05  Raven  
  101  11:06  Raven, SCV, Widow Mine, Siege Tank  
  101  11:07  Widow Mine  
  109  11:11  Refinery  
  109  11:13  Supply Depot, Siege Tank  
  109  11:14  Refinery  
  109  11:17  Supply Depot  
  109  11:18  SCV  
  113  11:32  Hellion x2  
  117  11:38  Siege Tank  
  120  11:45  Hellion  
  122  11:48  Raven  
  122  11:49  Raven  
  120  11:55  Command Center  
  120  11:57  Missile Turret  
  120  12:18  Missile Turret  
  110  12:40  Bunker  
  110  13:06  Raven x2  
  110  13:09  Barracks  
  110  13:10  Barracks, Corvid Reactor  
  114  13:14  Terran Vehicle And Ship Armor Level 1  
  82  13:49  Raven  
  78  14:15  Missile Turret  
  78  14:17  Missile Turret  
  78  14:19  Missile Turret  
  78  14:36  Refinery, Command Center  
  78  14:38  Refinery  
  78  14:39  Missile Turret x2  
  78  14:47  Bunker  
  78  14:51  Planetary Fortress  
  78  15:07  Terran Ship Weapons Level 2  
  78  15:09  SCV  
  79  15:18  Sensor Tower  
  79  15:21  SCV  
  80  15:30  Thor x2  
  80  15:32  Widow Mine x2  
  80  15:33  Raven, SCV  
  80  15:34  Raven  
  101  15:46  SCV  
  103  15:50  SCV  
  103  15:53  Orbital Command, Widow Mine x2  
  107  15:59  SCV  
  107  16:02  SCV  
  109  16:13  Thor  
  109  16:16  Raven  
  109  16:17  SCV  
  116  16:26  SCV  
  116  16:29  SCV  
  118  16:38  SCV  
  115  16:41  SCV  
  116  16:49  Siege Tank  
  116  16:50  Widow Mine  
  116  16:51  Widow Mine  
  116  16:52  Raven  
  116  16:54  SCV  
  126  16:56  Siege Tank  
  126  16:59  Raven  
  126  17:00  Supply Depot x2  
  131  17:01  Supply Depot  
  131  17:12  Widow Mine x2  
  135  17:35  Raven  
  127  18:29  SCV  
  128  18:36  Raven x2  
  128  18:41  SCV  
  133  18:53  SCV  
  134  18:59  Siege Tank x2  
  140  19:19  Raven x2, Command Center  
  140  19:24  Command Center  
  144  19:31  Siege Tank  
  147  19:44  SCV  
  148  19:46  Missile Turret  
  148  19:48  Sensor Tower  
  148  19:56  SCV  
  149  20:05  Missile Turret  
  147  20:09  SCV  
  148  20:18  Widow Mine x3  
  148  20:21  SCV  
  145  21:24  Siege Tank x2  
  145  21:25  Widow Mine x2  
  155  21:33  Armory  
  155  21:37  Armory  
  155  21:41  Supply Depot x2  
  155  21:43  Supply Depot  
  155  21:46  Supply Depot, Widow Mine  
  136  23:51  Raven x2  
  136  23:54  Widow Mine x4  
  146  24:04  Planetary Fortress  
  146  24:15  Widow Mine x3  
  142  24:34  Raven x2  
  134  25:17  Raven x2  
  126  25:31  SCV  
  119  25:43  SCV  
  119  25:45  Widow Mine x4  
  128  25:56  SCV  
  129  26:00  Factory  
  129  26:03  Factory  
  129  26:06  Widow Mine, Siege Tank x2  
  129  26:07  Command Center  
  129  26:08  SCV  
  138  26:12  Thor  
  138  26:23  Missile Turret x2  
  138  26:25  Missile Turret x2  
  138  26:38  Siege Tank  
  141  26:42  Missile Turret  
  141  26:45  Missile Turret  
  135  26:59  Widow Mine x4  
  143  27:02  Liberator x2  
  146  27:25  Siege Tank x2  
  146  27:26  Widow Mine  
  146  27:27  Widow Mine  
  155  27:44  Liberator  
  155  27:45  Liberator  
  155  27:48  Widow Mine x2  
  165  27:57  Thor, Siege Tank  
  167  28:27  Liberator x2  
  167  28:29  Thor  
  179  28:41  Factory Tech Lab x2  
  179  28:43  Siege Tank  
  173  29:10  Liberator  
  173  29:12  Siege Tank  
  173  29:15  Siege Tank  
  182  29:17  Planetary Fortress  
  182  29:24  SCV  
  183  29:36  SCV  
  184  29:48  Refinery, SCV  
  184  29:51  Thor x2  
  184  29:52  Widow Mine x2  
  162  30:22  Liberator x2  
  160  31:05  Liberator x2  
  166  31:48  Raven x2  
  158  32:18  Siege Tank x4  
  158  32:19  Widow Mine x2  
  163  32:31  Raven  
  163  32:33  Command Center  
  164  32:41  Widow Mine x2  
  168  32:50  Thor x3  
  186  33:12  Command Center  
  186  33:14  Missile Turret  
  186  33:15  Missile Turret  
  186  33:21  Refinery  
  128  34:25  Orbital Command  
  128  34:54  Refinery  
  61  37:50  Barracks  
  61  37:52  Barracks  
  61  37:53  Barracks x2  
  61  37:56  Barracks  
  61  38:14  Orbital Command  
  61  38:45  Missile Turret  
  61  38:49  Missile Turret  
  61  38:50  Supply Depot, SCV  
  61  38:51  Supply Depot  
  61  38:53  Refinery x2  
Show
View Real Time Build Order
Export as new Build Order

Freek Zerg - Winner!

Build Orders: Hatch First 

Get SALT Encoding   

  12  0:01  Drone  
  13  0:13  Overlord  
  13  0:17  Drone  
  14  0:31  Drone x2  
  16  0:56  Hatchery  
  15  0:59  Drone x3  
  18  1:14  Spawning Pool  
  18  1:17  Drone  
  18  1:22  Extractor  
  18  1:23  Drone  
  18  1:31  Drone  
  19  1:42  Drone  
  20  1:54  Overlord  
  20  2:00  Queen  
  22  2:08  Queen  
  24  2:16  Drone  
  24  2:17  Drone x2  
  27  2:26  Overlord x2  
  27  2:32  Drone  
  28  2:42  Zergling x4  
  30  2:46  Drone  
  32  2:51  Drone  
  32  2:57  Drone  
  33  3:07  Drone  
  34  3:30  Drone x2  
  34  3:31  Extractor, Drone x6  
  41  3:35  Hatchery  
  41  3:36  Extractor  
  41  3:38  Extractor  
  38  3:45  Lair  
  38  3:50  Drone  
  38  3:51  Drone x2  
  38  3:53  Drone  
  38  3:55  Extractor  
  41  3:57  Queen  
  41  4:02  Drone x4  
  47  4:08  Extractor  
  46  4:14  Overlord x3  
  46  4:15  Overlord  
  46  4:21  Evolution Chamber  
  46  4:24  Drone  
  46  4:27  Evolution Chamber  
  33  4:59  Drone x10  
  36  5:10  Drone x4  
  39  5:18  Drone  
  39  5:19  Drone  
  41  5:38  Zerg Missile Weapons Level 1  
  41  5:49  Roach Warren, Drone x2  
  43  5:50  Drone  
  43  5:51  Drone x3  
  43  5:53  Drone  
  43  5:54  Drone x4  
  43  5:55  Drone x3  
  54  5:57  Spore Crawler  
  54  6:02  Queen  
  55  6:17  Queen  
  57  6:21  Drone x3  
  57  6:22  Drone x7  
  67  6:29  Roach x3  
  67  6:32  Glial Reconstitution  
  73  6:39  Roach x2  
  83  6:40  Roach x3  
  74  7:00  Drone  
  74  7:01  Drone x4  
  76  7:02  Drone x2  
  76  7:03  Drone  
  77  7:32  Zerg Missile Weapons Level 2  
  77  7:33  Zerg Ground Armor Level 1  
  77  7:45  Drone, Hydralisk Den  
  77  7:46  Drone x5  
  82  7:52  Overlord x11  
  82  8:03  Infestation Pit  
  81  8:18  Grooved Spines  
  81  8:22  Drone  
  81  8:27  Overseer  
  81  8:32  Pneumatized Carapace  
  81  8:38  Roach x12  
  81  8:39  Roach x7  
  113  8:57  Overseer x9  
  113  8:58  Overlord x5  
  113  9:14  Overlord x3  
  113  9:22  Hatchery  
  112  9:26  Extractor  
  112  9:27  Extractor  
  112  9:30  Muscular Augments  
  110  9:37  Hatchery  
  109  9:40  Hive  
  109  9:44  Drone x2  
  109  9:45  Drone  
  112  9:47  Drone x6  
  112  9:48  Drone x6  
  90  10:24  Hydralisk x11  
  90  10:25  Hydralisk x3  
  116  10:36  Spire  
  116  10:39  Queen  
  117  10:50  Drone x4  
  117  10:51  Drone x7  
  124  11:08  Zerg Ground Armor Level 2, Lurker Den, Zerg Missile Weapons Level 3  
  123  11:15  Queen  
  126  11:23  Hydralisk x11  
  148  11:41  Extractor  
  148  11:42  Extractor  
  148  11:43  Spine Crawler  
  148  11:44  Spore Crawler  
  148  11:45  Drone  
  145  12:00  Drone x7  
  145  12:01  Drone x4  
  147  12:09  Corruptor x3  
  147  12:10  Corruptor x6  
  157  12:34  Corruptor  
  157  12:35  Corruptor x4  
  162  12:52  Extractor  
  162  12:55  Extractor  
  154  13:25  Corruptor x5  
  92  14:06  Drone x3  
  92  14:07  Drone x3  
  92  14:08  Drone x2  
  92  14:09  Drone  
  101  14:20  Hydralisk  
  101  14:21  Hydralisk x20  
  101  14:22  Hydralisk x3  
  149  14:52  Spine Crawler x2  
  148  14:53  Queen  
  148  14:54  Hatchery, Spine Crawler x2  
  148  14:55  Extractor, Drone  
  148  14:56  Drone x11  
  148  14:59  Extractor  
  156  15:13  Lurker Den  
  155  15:15  Zerg Ground Armor Level 3  
  155  15:17  Zerg Flyer Weapons Level 1  
  155  15:43  Hatchery  
  155  15:45  Hydralisk x8  
  155  15:46  Hydralisk x15  
  200  16:18  Hatchery  
  200  16:24  Unknown  
  200  16:25  Extractor  
  195  16:30  Seismic Spines  
  175  16:46  Overlord x3  
  175  17:03  Lurker x2  
  175  17:04  Lurker x13  
  175  17:05  Lurker  
  191  17:15  Overlord x2  
  191  17:27  Adaptive Talons  
  178  17:44  Extractor  
  133  17:58  Mutalisk  
  133  17:59  Mutalisk x12  
  114  18:37  Zerg Flyer Weapons Level 2  
  114  18:38  Mutalisk x5  
  114  18:39  Mutalisk x3  
  130  18:53  Overseer x2  
  130  19:06  Queen  
  130  19:08  Drone x6  
  138  19:32  Burrow  
  138  19:38  Roach x19  
  166  19:39  Roach x12  
  176  20:28  Roach x12  
  170  21:02  Roach x8  
  170  21:03  Roach x8  
  198  21:13  Zerg Flyer Weapons Level 3  
  198  21:31  Roach  
  114  22:04  Roach x3  
  114  22:05  Roach x13  
  114  22:06  Roach x17  
  114  22:07  Roach x15  
  174  22:25  Queen  
  176  22:31  Hydralisk x12  
  200  22:41  Drone x5  
  188  23:01  Corruptor x7  
  196  23:18  Overlord, Corruptor x3  
  196  23:19  Corruptor  
  188  23:36  Corruptor x6  
  166  24:46  Hydralisk  
  166  24:47  Hydralisk x16  
  166  24:51  Overseer x6  
  198  25:03  Extractor  
  198  25:04  Extractor  
  170  25:44  Hatchery  
  169  25:51  Greater Spire  
  169  26:29  Hatchery  
  168  26:37  Unknown  
  135  27:27  Drone  
  135  27:28  Drone x17  
  135  27:29  Drone x15  
  168  27:42  Queen  
  168  27:43  Queen  
  172  27:44  Drone  
  172  27:45  Drone x20  
  172  27:46  Drone x2  
  195  27:54  Hydralisk x2  
  165  28:17  Queen  
  167  28:24  Hydralisk  
  167  28:25  Hydralisk x13  
  167  28:26  Hydralisk x2  
  199  28:29  Overseer  
  199  28:30  Overseer x3  
  197  28:45  Hydralisk  
  197  28:46  Hydralisk x3  
  195  28:59  Lurker  
  195  29:00  Lurker x4  
  152  30:09  Hatchery  
  135  30:15  Hydralisk x5  
  135  30:18  Overlord x4  
  135  30:19  Overlord x5  
  132  30:48  Queen  
  134  30:59  Corruptor x2  
  134  31:00  Corruptor x4  
  146  31:05  Roach x15  
  146  31:06  Roach x12  
  200  31:36  Overlord x2, Overseer x2  
  160  32:12  Roach x5  
  160  32:13  Roach x15  
  198  32:33  Brood Lord  
  186  32:57  Hydralisk x7  
  200  33:20  Extractor  
  200  33:24  Extractor  
  191  33:38  Roach x6  
  191  33:39  Roach x11  
  159  33:56  Corruptor x11  
  175  34:09  Overseer  
  163  34:10  Overlord x2, Overseer x3  
  163  34:11  Overlord x2  
  143  34:35  Roach x18  
  143  34:36  Roach x10  
  199  34:57  Zerg Flyer Armor Level 1  
  193  35:01  Overseer  
  193  35:02  Overseer x2  
  193  35:03  Hydralisk x3  
  149  35:46  Roach x11  
  149  35:47  Roach x16  
  149  35:48  Roach x5  
  181  36:09  Hydralisk x9  
  199  36:12  Overseer x5  
  199  36:13  Overseer x2  
  193  36:49  Hydralisk x3  
  163  37:19  Hatchery  
  140  37:28  Overlord x8  
  140  37:45  Hydralisk  
  140  37:48  Hydralisk x13  
  140  37:49  Hydralisk x17  
  200  37:53  Overseer x2  
  200  38:24  Hatchery  
  199  39:01  Overseer x2  
Tags
 
Composition
Mech
Matchup
TvZ
Spawn Locations
Cross Positions
Add a new tag
Caveats
  • Supply blocks, unpowered buildings, or Contaminate may cause inaccurate times.
  • Supply counts are checked every 10 seconds.